 Dungeon Crawl Stone Soup version 0.25-a0-290-g4a1327ee3a (webtiles) character file.

Game seed: 5477408265729834576, levelgen mode: deterministic

1026 DasRunzen the Skirmisher (level 8, 0/62 (63) HPs)
             Began as a Demonspawn Fighter on Dec 14, 2019.
             Was an Initiate of Okawaru.
             Slain by an ogre
             ... wielding a +0 giant club
              (13 damage)
             ... on level 5 of the Dungeon.
             The game lasted 00:07:27 (4895 turns).

DasRunzen the Skirmisher (Demonspawn Fighter)       Turns: 4895, Time: 00:07:28

HP:   0/62 (63)     AC: 10    Str: 20    XL:     8   Next: 2%
MP:   8/8           EV:  7    Int:  9    God:    Okawaru [......]
Gold: 158           SH: 10    Dex: 12    Spells: 7/7 levels left

rFire    . . .     SeeInvis .   a - +1 long sword
rCold    . . .     Gourm    .   c - +0 shield
rNeg     . . .     Faith    .   b - +0 scale mail
rPois    .         Spirit   .   (no helmet)
rElec    .         Reflect  .   (no cloak)
rCorr    .         Harm     .   j - +0 pair of gloves
MR       .....                  (no boots)
Stlth    ..........             (no amulet)
HPRegen  0.20/turn              (no ring)
MPRegen  0.11/turn              (no ring)

@: no status effects
A: claws 1, icy blue scales 1, powered by pain 1, spiny 1
a: Renounce Religion


You were on level 5 of the Dungeon.
You worshipped Okawaru.
Okawaru was noncommittal.
You were hungry.

You visited 2 branches of the dungeon, and saw 6 of its levels.

You collected 158 gold pieces.

Inventory:

Hand Weapons
 a - a +1 long sword (weapon)
Armour
 b - a +0 scale mail (worn)
 c - a +0 shield (worn)
 j - a +0 pair of gloves (worn)
Wands
 o - a wand of paralysis (10)
Scrolls
 e - a scroll of remove curse
 m - a scroll of teleportation
 s - a scroll of identify
Potions
 d - a potion of might
 g - 2 potions of agility
 h - a potion of heal wounds
 i - 2 potions of berserk rage
 k - a potion of resistance {unknown}
 l - a potion of curing
 n - 2 potions of brilliance {unknown}
 p - a potion of ambrosia {unknown}
 q - a potion of invisibility {unknown}
 r - a potion of cancellation {unknown}
Comestibles
 f - 8 rations


   Skills:
 + Level 5.5 Fighting
 + Level 4.4 Long Blades
 + Level 5.0 Armour
 + Level 4.9 Shields
 + Level 1.1 Invocations


You had 7 spell levels left.
You didn't know any spells.
Your spell library was empty.

Dungeon Overview and Level Annotations

Branches:
Dungeon (5/15)             Temple (1/1) D:5

Altars:
Ashenzari
Cheibriados
Dithmenos
Elyvilon
Fedhas
Gozag
Hepliaklqana
Kikubaaqudgha
Makhleb
Nemelex Xobeh
Okawaru
Qazlal
Ru
Sif Muna
Trog
Uskayaw
Vehumet
Wu Jian
Xom
Yredelemnul
Zin
The Shining One


Innate Abilities, Weirdness & Mutations

You have sharp fingernails.
You are partially covered in icy blue scales. (AC +2)
You sometimes gain a little power by taking damage.
You are partially covered in sharp spines.


Message History

You are too injured to fight recklessly!
You are too injured to fight recklessly!
You are too injured to fight recklessly!
You are too injured to fight recklessly!
You hit the ogre.
The ogre is almost dead.
The giant cockroach bites you but does no damage. x2
Your scale mail prevents you from hitting the ogre.
The ogre is almost dead.
The ogre hits you with a +0 giant club!
* * * LOW HITPOINT WARNING * * *
You block the giant cockroach's attack.
You hit the ogre but do no damage.
The ogre is almost dead.
The ogre hits you but does no damage. You block the giant cockroach's attack.
You hit the ogre but do no damage.
The ogre is almost dead.
The giant cockroach bites you but does no damage.
The ogre hits you with a +0 giant club!
You die...

...#......### #...#.......#
####......##...#.#.#.......#
###......# #.....'.......#
##...###### #####.#.......#
#....# #.....#########
#....# .#####.########
#....# #...............
.....# #....##.........
#....# ...# #.@.......
.....# .# #.Os...... .#...#
#......(.. ###'## #.........
....# #......).. #####
#......... # #......... #
#......... #


You could see an ogre and a giant cockroach.

Vanquished Creatures
  An orc warrior (D:4)
  A necrophage (D:3)
  2 centaurs
  An ogre (D:4)
  A big kobold (D:4)
  A gnoll sergeant (D:5)
  A water moccasin skeleton (D:4)
  A crimson imp (D:5)
  An orc priest (D:4)
  2 orc wizards (D:4)
  A bullfrog skeleton (D:5)
  2 worker ants
  3 gnolls (D:5)
  8 adders
  A shadow imp (D:5)
  An ooze (D:2)
  An adder skeleton (D:4)
  A worm (D:2)
  A dart slug (D:4)
  4 leopard geckos
  10 orcs
  10 giant cockroaches
  12 goblins
  7 hobgoblins
  8 jackals
  A quokka (D:4)
  5 bats
  5 frilled lizards
  9 kobolds
  A quokka skeleton (D:4)
  8 rats
111 creatures vanquished.

Notes
Turn   | Place    | Note
-------+----------+-------------------------------------------
     0 | D:1      | DasRunzen the Demonspawn Fighter began the quest for the
                  | Orb.
     0 | D:1      | Reached XP level 1. HP: 18/18 MP: 1/1
   253 | D:1      | Gained mutation: You sometimes gain a little power by
                  | taking damage. [demonic ancestry]
   253 | D:1      | Reached XP level 2. HP: 24/24 MP: 2/2
   670 | D:1      | Gained mutation: You are partially covered in icy blue
                  | scales. (AC +2) [demonic ancestry]
   670 | D:1      | Reached XP level 3. HP: 19/29 MP: 3/3
  1203 | D:2      | Gained mutation: You have sharp fingernails. [demonic
                  | ancestry]
  1203 | D:2      | Reached XP level 4. HP: 26/35 MP: 4/4
  1472 | D:2      | You fall into a shaft and drop 1 floor!
  1971 | D:3      | Noticed a centaur
  1981 | D:3      | Killed a centaur
  1981 | D:3      | Reached XP level 5. HP: 19/42 MP: 5/5
  2343 | D:3      | Noticed a necrophage
  2354 | D:3      | Killed a necrophage
  2354 | D:3      | Reached XP level 6. HP: 28/48 MP: 6/6
  2562 | D:3      | Found a sparkling altar of Nemelex Xobeh.
  2570 | D:3      | Found a basalt altar of Yredelemnul.
  2620 | D:4      | Noticed an orc warrior
  2636 | D:4      | Killed an orc warrior
  2705 | D:4      | Reached XP level 7. HP: 19/54 MP: 7/7
  3129 | D:4      | Reached skill level 5 in Fighting
  3736 | D:5      | Entered Level 5 of the Dungeon
  4090 | D:5      | Found a staircase to the Ecumenical Temple.
  4115 | Temple   | Entered the Ecumenical Temple
  4140 | Temple   | Became a worshipper of Warmaster Okawaru
  4347 | D:5      | Reached skill level 5 in Armour
  4347 | D:5      | Reached skill level 1 in Invocations
  4347 | D:5      | Gained mutation: You are partially covered in sharp spines.
                  | [demonic ancestry]
  4347 | D:5      | Reached XP level 8. HP: 4/62 MP: 8/8
  4895 | D:5      | Slain by an ogre

Levels and vault maps discovered:
D:1:      psy_arrival_wood_between_worlds, layout_loops_ring, serial_glass,
          glass_columns_b, glass_columns_b, glass_columns_a, glass_columns_b,
          glass_columns_b, glass_columns_a, glass_columns_a, glass_columns_a,
          minmay_misc_feat_secret_circle
D:2:      layout_basic
D:3:      minmay_diamond_boxcup, layout_basic, amethyst_overflow_temple_binary,
          serial_bayou_crossing
D:4:      layout_loops_ring, first_ration
D:5:      layout_basic, minmay_temple_entry_mini_moons
Temple:   regret_index_temple_chain_breaker

Skill      XL: |  1  2  3  4  5  6  7 |
---------------+----------------------+-----
Long Blades    | 2 3 4 |  4.4
Armour         | 3 4 5 |  5.0
Shields        | 3 4 |  4.9
Fighting       | 4 5 |  5.5
Invocations    | 1 |  1.1

Action                   |  1- 3 |  4- 6 |  7- 9 || total
-------------------------+-------+-------+-------++-------
Melee: Long sword        |   163 |   144 |   186 ||   493
  Use: Scroll            |     3 |     5 |     2 ||    10
       Potion            |       |     1 |       ||     1
  Eat: Chunk             |     1 |     5 |     7 ||    13
Armor: Scale mail        |    85 |    61 |    99 ||   245
Dodge: Dodged            |    48 |    35 |    61 ||   144
Block: Shield            |   104 |    74 |   117 ||   295
       Rpst.: Long sword |    15 |     7 |    18 ||    40

Table legend:
 A = Non-vault XP
 B = Vault XP
 C = Vault XP percentage of total XP
 D = Non-vault monster count
 E = Vault monster count
 F = Vault count percentage of total count
                 A         B        C        D         E       F
            +---------+---------+-------+---------+---------+-------
      Total |    1335 |     132 |   9.0 |     104 |       7 |   6.3
            +---------+---------+-------+---------+---------+-------
        D:1 |      49 |       0 |   0.0 |      27 |       0 |   0.0
        D:2 |      95 |       0 |   0.0 |      25 |       0 |   0.0
        D:3 |     168 |     132 |  44.0 |      16 |       7 |  30.4
        D:4 |     634 |       0 |   0.0 |      24 |       0 |   0.0
        D:5 |     389 |       0 |   0.0 |      12 |       0 |   0.0
            +---------+---------+-------+---------+---------+-------
